 Dungeon Crawl Stone Soup version 0.30-a0-29-g142975f185 (webtiles) character file.

Game seed: 12427859348269409597

8575 xian the Basher (level 11, -5/83 HPs)
             Began as a Demonspawn Fighter on Aug 27, 2022.
             Was a Priest of Wu Jian.
             Slain by a manticore (11 damage)
             ... on level 13 of the Dungeon.
             The game lasted 00:26:31 (11518 turns).

xian the Basher (Demonspawn Fighter)               Turns: 11518, Time: 00:26:31

Health: -5/83      AC: 30    Str: 21    XL:     11   Next: 11%
Magic:  0/11       EV:  9    Int:  9    God:    Wu Jian [***...]
Gold:   373        SH:  6    Dex: 13    Spells: 10/10 levels left

rFire   + . .      SeeInvis +    w - +2 mace (protect)
rCold   . . .      Faith    .    c - +1 buckler
rNeg    . . .      Spirit   +    x - +3 chain mail {rF+}
rPois   .          Reflect  .    (no helmet)
rElec   +          Harm     .    N - +0 cloak
rCorr   .          Rampage  .    F - +0 pair of gloves
Will    .....                    d - +1 pair of boots {Fly}
Stlth   ..........               k - amulet of guardian spirit
HPRegen 0.23/turn                n - ring of see invisible
MPRegen 0.12/turn                (no ring)

@: spiked, under a protective aura, flying
A: thin metallic scales 3, spiny 1, weakness stinger 2
a: Renounce Religion, Wall Jump, Serpent's Lash


You were on level 13 of the Dungeon.
You worshipped Wu Jian.
Wu Jian was most pleased with you.
You visited 2 branches of the dungeon, and saw 13 of its levels.
You also visited: Bailey.

You collected 652 gold pieces.
You spent 279 gold pieces at shops.

Inventory:

Hand Weapons
 w - a +2 mace of protection (weapon)
 y - a +1 flail of draining
 I - the +6 dagger of Vuqaj {vorpal, Str+3}
   (You found it on level 8 of the Dungeon)

   It inflicts extra damage upon your enemies.
   Str:       It affects your strength (+3).
Missiles
 l - 3 atropa-tipped darts (quivered)
 D - 8 javelins
 L - a curare-tipped dart
 M - 2 throwing nets
Armour
 c - a +1 buckler (worn)
 d - a +1 pair of boots of flying (worn)
 x - a +3 chain mail of fire resistance (worn)
 F - a +0 pair of gloves (worn)
 N - a +0 cloak (worn)
Jewellery
 g - a ring of willpower
 k - an amulet of guardian spirit (around neck)
 n - a ring of see invisible (left hand)
 s - an amulet of faith
Wands
 q - a wand of flame (27)
 C - a wand of digging (4)
 E - a wand of mindburst (13)
 H - a wand of quicksilver (7)
 K - a wand of charming (3)
Scrolls
 b - a scroll of butterflies
 e - 4 scrolls of enchant weapon
 h - 2 scrolls of fear
 i - 2 scrolls of teleportation
 o - 2 scrolls of enchant armour
 r - 5 scrolls of poison
 u - a scroll of blinking {unknown}
 v - a scroll of brand weapon
 A - a scroll of amnesia {unknown}
 J - a scroll of torment {unknown}
Potions
 a - 3 potions of might
 f - 3 potions of brilliance
 j - 7 potions of curing
 m - a potion of heal wounds
 p - a potion of magic
 t - 4 potions of mutation
 z - 5 potions of lignification
 B - 4 potions of flight
 G - 3 potions of attraction


   Skills:
 + Level 6.9 Fighting
 + Level 9.9 Maces & Flails
 + Level 1.6 Throwing
 + Level 8.1 Armour
 + Level 4.0 Dodging
 + Level 2.3 Stealth
 + Level 6.1 Shields
 * Level 3.3 Evocations


You had 10 spell levels left.
You didn't know any spells.
Your spell library contained the following spells:

 Spells                   Type           Power      Damage    Failure   Level
 Beastly Appendage        Tmut           0%         N/A       98%         1
 Magic Dart               Conj           0%         1d3       98%         1
 Call Imp                 Summ           0%         N/A       99%         2
 Poisonous Vapours        Pois/Air       0%         N/A       99%         2
 Wereblood                Tmut           0%         N/A       99%         2
 Mephitic Cloud           Conj/Pois/Air  0%         N/A       100%        3
 Spider Form              Tmut/Pois      0%         N/A       100%        3
 Corpse Rot               Necr/Pois/Air  0%         N/A       100%        4


Dungeon Overview and Level Annotations

Branches:
Dungeon (13/15)            Temple (1/1) D:5          Bailey (visited)
   Lair: D:8-11         Orc: D:9-12      Vaults: D:13-14

Altars:
Cheibriados
Fedhas
Gozag
Hepliaklqana
Kikubaaqudgha
Makhleb
Nemelex Xobeh
Okawaru
Qazlal
Ru
Trog
Uskayaw
Vehumet
Wu Jian
Xom
Yredelemnul

Shops:
D:1 (   D:5 **?

Annotations:
D:8 1 runed translucent door
D:9 2 transporters, pdpol's ghost, novice MiFi


Innate Abilities, Weirdness & Mutations

You are completely covered in thin metallic scales. (AC +4, rElec)
You are partially covered in sharp spines.
You have a tail ending in a sharp stinger.


Message History

* * * LOW HITPOINT WARNING * * *
You hit the slime creature.
You kill the slime creature!
The Council accepts your kill.
There is a stone staircase leading down here.
You fly downwards.
There is a stone staircase leading up here.
A manticore is nearby!
The manticore flicks its tail.
The volley of spikes hits you.
The barbed spikes become lodged in your body.
The barbs in your skin will harm you if you move.
Continue? [Y]es or [N]o only, please.
The barbs in your skin will harm you if you move.
Continue? [Y]es or [N]o only, please.
The barbs in your skin will harm you if you move.
Continue?
Okay, then.
The manticore flicks its tail.
The volley of spikes hits you!
The barbed spikes become lodged in your body.
* * * LOW HITPOINT WARNING * * *
You hit the manticore.
Your weapon exudes an aura of protection.
You tail-slap the manticore!
The manticore is moderately wounded.
You sock the manticore!
The manticore is heavily wounded.
The manticore is struck by your spines.
The manticore bites you but does no damage.
You block the manticore's attack.
The manticore claws you but does no damage.
You sock the manticore!
The manticore is severely wounded.
The manticore bites you!
* * * LOW HITPOINT WARNING * * *
The manticore claws you but does no damage. x2
You sock the manticore!
Your tail-slap misses the manticore.
The manticore is almost dead.
The manticore bites you!
You die...

#..
#..
...
#.#
#.#
#.#
#<#
#.#
#@#
#H#
#.#
#.#
#.#
#.#
#.#
#.#


You could see a manticore.

Vanquished Creatures
  A hydra (D:12)
  2 two-headed ogres (D:9)
  A skeletal warrior (D:12)
  An orc knight (Bailey)
  Grinder (D:5)
  2 slime creatures (D:12)
  8 yaks
  A wyvern (D:7)
  2 steam dragons
  Eustachio (D:5)
  2 wargs (D:10)
  An acid dragon (D:10)
  A water moccasin (D:7)
  2 black bears
  A sky beast (D:7)
  2 ice beasts
  7 orc warriors
  2 centaurs
  A kobold brigand (D:9)
  A necrophage (D:6)
  A bullfrog (D:6)
  2 gnoll sergeants
  3 scorpions
  6 killer bees (D:10)
  An electric eel (D:7)
  2 jellies (D:5)
  5 orc priests
  A hound (D:7)
  4 iguanas
  14 orc wizards
  13 gnolls
  6 adders
  A white imp (D:6)
  4 worms
  3 dart slugs
  45 orcs
  5 ball pythons
  9 endoplasms
  5 giant cockroaches
  7 goblins
  8 hobgoblins
  3 quokkas
  4 bats
  3 frilled lizards
  24 kobolds
  5 rats
224 creatures vanquished.

Vanquished Creatures (others)
  A deep elf pyromancer (D:12)
  2 orc wizards (D:10)
  An ufetubus (D:6)
  4 demonic plants (D:2)
  4 fungi (D:2)
  11 plants
  A withered plant (D:2)
24 creatures vanquished.

Grand Total: 248 creatures vanquished

Notes
Turn   | Place    | Note
-------+----------+-------------------------------------------
     0 | D:1      | xian the Demonspawn Fighter began the quest for the Orb.
     0 | D:1      | Reached XP level 1. HP: 18/18 MP: 1/1
   387 | D:1      | Gained mutation: You are partially covered in sharp spines.
                  | [demonic ancestry]
   387 | D:1      | Reached XP level 2. HP: 23/24 MP: 2/2
   579 | D:1      | Reached skill level 2 in Maces & Flails
   644 | D:1      | Found Qeesaarph's Weapon Shoppe.
   986 | D:1      | Bought 4 atropa-tipped darts for 24 gold pieces
  1063 | D:2      | Found a faded altar of an unknown god.
  1186 | D:2      | Found a stormy altar of Qazlal.
  1203 | D:2      | Reached XP level 3. HP: 7/29 MP: 3/3
  2022 | D:2      | Gained mutation: You have a small tail. [demonic ancestry]
  2022 | D:2      | Reached XP level 4. HP: 34/35 MP: 4/4
  2331 | D:3      | Reached skill level 3 in Maces & Flails
  2561 | D:3      | Gained mutation: You have a tail ending in a sharp stinger.
                  | [demonic ancestry]
  2561 | D:3      | Reached XP level 5. HP: 36/41 MP: 5/5
  2802 | D:3      | Found a radiant altar of Vehumet.
  3409 | D:4      | Reached skill level 1 in Dodging
  3684 | D:4      | Gained mutation: You are partially covered in thin metallic
                  | scales. (AC +2) [demonic ancestry]
  3684 | D:4      | Reached XP level 6. HP: 44/47 MP: 6/6
  3750 | D:4      | Found a stormy altar of Qazlal.
  4123 | D:4      | Reached skill level 4 in Maces & Flails
  4280 | D:4      | Reached XP level 7. HP: 54/54 MP: 7/7
  4504 | D:5      | Entered Level 5 of the Dungeon
  4522 | D:5      | Noticed Eustachio
  4530 | D:5      | Killed Eustachio
  4531 | D:5      | Reached skill level 5 in Maces & Flails
  4531 | D:5      | Found a staircase to the Ecumenical Temple.
  4594 | D:5      | Found Rohek's Magic Scroll Emporium.
  4648 | Temple   | Entered the Ecumenical Temple
  4786 | Temple   | Became a worshipper of the Wu Jian Council
  4931 | D:5      | Found Amuiwaoj's Assorted Antiques.
  4939 | D:5      | Bought a smoky cyan potion for 27 gold pieces
  4939 | D:5      | Bought a scroll labelled MAMALE SAOMIDI for 30 gold pieces
  4939 | D:5      | Bought a scroll labelled DIDGHA IC LIPH for 30 gold pieces
  5061 | D:5      | Found Vireino's Assorted Antiques.
  5095 | D:5      | Bought a shiny chain mail for 150 gold pieces
  5108 | D:5      | Bought a grey potion for 18 gold pieces
  5236 | D:5      | Noticed Grinder
  5249 | D:5      | Paralysed by Grinder for 5 turns
  5259 | D:5      | Killed Grinder
  5512 | D:6      | Noticed a steam dragon
  5534 | D:6      | Killed a steam dragon
  5535 | D:6      | Reached skill level 6 in Maces & Flails
  5535 | D:6      | Gained mutation: You are mostly covered in thin metallic
                  | scales. (AC +3) [demonic ancestry]
  5535 | D:6      | Reached XP level 8. HP: 51/61 MP: 6/8
  5729 | D:6      | Reached skill level 5 in Armour
  5934 | D:6      | Reached skill level 5 in Fighting
  6186 | D:6      | Reached skill level 7 in Maces & Flails
  6688 | D:7      | Gained mutation: You are completely covered in thin
                  | metallic scales. (AC +4, rElec) [demonic ancestry]
  6688 | D:7      | Reached XP level 9. HP: 68/68 MP: 9/9
  7729 | D:8      | Reached skill level 1 in Stealth
  7736 | D:8      | Reached * piety under Wu Jian
  7737 | D:8      | Reached skill level 8 in Maces & Flails
  7959 | D:8      | Identified the +6 dagger of Vuqaj {vorpal, Str+3}
  7987 | D:8      | Noticed a sixfirhy
  7988 | D:8      | Found a runed translucent door.
  8076 | D:8      | Found a hazy altar of Hepliaklqana.
  8866 | D:9      | Found a flagged portal.
  8930 | Bailey   | Entered a bailey
  9012 | Bailey   | Reached ** piety under Wu Jian
  9018 | Bailey   | Reached skill level 5 in Shields
  9041 | Bailey   | Noticed an orc knight
  9308 | Bailey   | Killed an orc knight
  9309 | Bailey   | Reached skill level 9 in Maces & Flails
  9309 | Bailey   | Reached XP level 10. HP: 29/76 MP: 2/10
  9761 | D:9      | Found a transporter.
  9762 | D:9      | Noticed pdpol's ghost (novice MiFi)
  9766 | D:9      | Noticed a two-headed ogre
  9786 | D:9      | Killed a two-headed ogre
  9787 | D:9      | Reached skill level 1 in Throwing
 10152 | D:9      | Found a transporter.
 10235 | D:9      | Noticed a two-headed ogre
 10244 | D:9      | Killed a two-headed ogre
 10245 | D:9      | Reached skill level 1 in Evocations
 10743 | D:10     | Entered Level 10 of the Dungeon
 10961 | D:10     | Reached *** piety under Wu Jian
 11169 | D:10     | You are sucked into a shaft and drop 2 floors!
 11193 | D:12     | Noticed a five-headed hydra
 11205 | D:12     | Killed a five-headed hydra
 11206 | D:12     | Reached XP level 11. HP: 25/83 MP: 3/11
 11460 | D:12     | Noticed a skeletal warrior
 11460 | D:12     | Noticed a skeletal warrior
 11460 | D:12     | Noticed a skeletal warrior
 11460 | D:12     | Noticed a deep elf pyromancer
 11474 | D:12     | Killed a skeletal warrior
 11503 | D:12     | Killed a deep elf pyromancer
 11518 | D:13     | Slain by a manticore

Illustrated notes

Levels and vault maps discovered:
D:1:      minmay_arrival_jagged, layout_loops_ring, serial_shops,
          nicolae_shop_bloodbath_and_beyond
D:2:      layout_rooms, basic_altar, shapermc_ecumenical_altar_gd
D:3:      layout_basic, vehumet_altar_wand_db, kennysheep_generic_room_16
D:4:      layout_loops_ring, lemuel_crystal_altar
D:5:      layout_basic, minmay_temple_entry_ruins, serial_shops,
          nicolae_take_the_stairs, shop_coins, nicolae_shop_hallway_stairs,
          uniq_grinder, uniq_eustachio
D:6:      layout_loops_ring
D:7:      layout_loops_ring, serial_bayou, serial_bayou_crossing,
          serial_bayou_shore_a, serial_bayou_pond_e, serial_bayou_lagoon_a
D:8:      cheibrodos_shockbox, layout_basic, mainiacjoe_overflow_catwalk_spiral
D:9:      layout_roguey, enter_bailey_2, gammafunk_ghost_stat_death
D:10:     layout_small_grid, lemuel_doored_altar, erik_lair_orcish_takeover,
          grunt_tough_drop
D:12:     layout_roguey, enter_trove_0, special_room [special_room_orc],
          kennysheep_windowed_goal
D:13:     layout_basic, serial_nicolae_subway, nicolae_sub_station_metal,
          nicolae_sub_station_stone, nicolae_sub_station_crystal, uniq_snorg
Temple:   bh_familiar_temple

Skill      XL: |  1  2  3  4  5  6  7  8  9 10 11 |
---------------+----------------------------------+-----
Maces & Flails | 2 3 4 6 7 9 |  9.9
Armour         | 3 4 5 7 8 |  8.1
Shields        | 3 4 5 6 |  6.1
Dodging        | 1 2 3 4 |  4.0
Fighting       | 4 5 6 |  6.9
Stealth        | 1 2 |  2.3
Throwing       | 1 |  1.6
Evocations     | 2 3 |  3.3

Action                   |  1- 3 |  4- 6 |  7- 9 | 10-12 || total
-------------------------+-------+-------+-------+-------++-------
Melee: Flail             |    68 |   129 |       |       ||   197
       Tailslap          |       |    22 |    52 |    31 ||   105
       Mace              |       |     6 |   324 |   189 ||   519
Throw: Dart              |     3 |       |     3 |     8 ||    14
       Javelin           |       |       |     3 |       ||     3
Invok: Lunge             |       |       |    23 |    10 ||    33
       Whirlwind         |       |       |    16 |    15 ||    31
Evoke: Wand              |       |       |     3 |    13 ||    16
  Use: Scroll            |     4 |       |    15 |     1 ||    20
       Potion            |       |       |     4 |     1 ||     5
 Stab: Invisible         |     1 |       |       |     1 ||     2
       Distracted        |       |       |       |     1 ||     1
Armor: Scale mail        |    31 |    12 |       |       ||    43
       Chain mail        |       |    46 |   172 |   126 ||   344
Dodge: Dodged            |    26 |    38 |   117 |    55 ||   236
Block: Buckler           |    11 |    24 |    95 |    59 ||   189

Table legend: (Time is in decaauts)
 A = Elapsed time spent in this place.
 B = Non-inter-level travel time spent in this place.
 C = Inter-level travel time spent in this place.
 D = Time resting spent in this place.
 E = Time spent auto-exploring this place.
 F = Levels seen in this place.
 G = Mean time per level.
                   A        B        C        D        E       F      G
               +--------+--------+--------+--------+--------+-----+--------+
         Total |  11628 |  11443 |    185 |    514 |   8171 |  14 |  830.6 |
       Dungeon |  10718 |  10533 |    185 |    327 |   7866 |  12 |  893.2 |
        Temple |    175 |    175 |      0 |      0 |     47 |   1 |  175.0 |
        Bailey |    734 |    734 |      0 |    187 |    258 |   1 |  734.0 |
               +--------+--------+--------+--------+--------+-----+--------+

Top non-repeatable levels by time:
     D:2: 1213 daAuts
     D:4: 1192 daAuts
     D:8: 1188 daAuts
     D:7: 1187 daAuts
     D:9: 1150 daAuts
     D:3: 1126 daAuts
     D:1: 1028 daAuts
     D:6: 1026 daAuts
     D:5: 835 daAuts
  Bailey: 734 daAuts
    D:10: 421 daAuts
    D:12: 340 daAuts
  Temple: 175 daAuts
    D:13: 7 daAuts
